 Dungeon Crawl Stone Soup version 0.26.1-2-gb8aa6d0cf2 (webtiles) character file.

Game seed: 1777205641138229863

109034 McKennaii the Impaler (level 16, -1/126 HPs)
             Began as a Demonspawn Monk on Feb 8, 2021.
             Was the Champion of Makhleb.
             Slain by an earth elemental (28 damage)
             ... on level 3 of the Abyss.
             The game lasted 01:30:29 (28688 turns).

McKennaii the Impaler (Demonspawn Monk)            Turns: 28688, Time: 01:30:29

Health: -1/126     AC: 19    Str: 15    XL:     16   Next: 4%
Magic:  23/25      EV: 12    Int: 12    God:    Makhleb [******]
Gold:   2023       SH:  0    Dex: 25    Spells: 15/15 levels left

rFire    + + .     SeeInvis .   v - +0 halberd (flame)
rCold    + . .     Faith    .   (shield currently unavailable)
rNeg     . . .     Spirit   .   S - +0 plate armour {rF+}
rPois    .         Reflect  .   J - +1 helmet
rElec    .         Harm     .   t - +0 cloak {Stlth+}
rCorr    .         Rampage  .   (no gloves)
Will     +....                  (boots unavailable)
Stlth    ..........             I - amulet of regeneration
HPRegen  0.71/turn              R - ring of protection from cold
MPRegen  0.19/turn              K - +6 ring of dexterity

@: no status effects
A: talons 3, demonic guardian 2, fire resistance 1, powered by death 2, sturdy
frame 2
a: Renounce Religion, Minor Destruction, Lesser Servant of Makhleb, Major
Destruction, Greater Servant of Makhleb


You were on level 3 of the Abyss.
You worshipped Makhleb.
Makhleb was exalted by your worship.
You visited 4 branches of the dungeon, and saw 24 of its levels.
You visited the Abyss 1 time.
You also visited: Ossuary and Volcano.

You collected 2553 gold pieces.
You spent 530 gold pieces at shops.

Inventory:

Hand Weapons
 v - a +0 halberd of flaming (weapon)
 z - a +0 glaive
 Q - a +4 halberd
Armour
 t - a +0 cloak of stealth (worn)
 J - a +1 helmet (worn)
 S - a +0 plate armour of fire resistance (worn)
Jewellery
 a - an uncursed amulet of magic regeneration
 A - a +4 ring of protection
 G - the ring "Foawonet" {rC+ Will+ MP+9 Int+5, unknown}
   (You found it on level 12 of the Dungeon)

   [ring of magical power]

   It affects your intelligence (+5).
   It protects you from cold.
   It affects your willpower, your defense against some magical effects.
   It affects your magic capacity (+9).
 H - an uncursed ring of wizardry
 I - an amulet of regeneration (around neck)
 K - a +6 ring of dexterity (right hand)
 P - an uncursed amulet of reflection
 R - a ring of protection from cold (left hand)
 U - an uncursed ring of see invisible
 X - an uncursed amulet of the acrobat {unknown}
Wands
 e - a wand of disintegration (38)
 k - a wand of digging (12)
 y - a wand of acid (33)
 D - a wand of random effects (32)
 M - a wand of paralysis (7)
 N - a wand of polymorph (4)
 V - a wand of iceblast (8)
Scrolls
 d - 14 scrolls of remove curse
 f - a scroll of identify
 g - 2 scrolls of immolation
 h - 6 scrolls of enchant weapon
 i - 6 scrolls of fear
 o - a scroll of summoning
 p - 6 scrolls of amnesia
 r - 2 scrolls of blinking
 s - 9 scrolls of teleportation
 w - 9 scrolls of magic mapping
 x - 5 scrolls of enchant armour
 B - a scroll of fog
 F - 3 scrolls of vulnerability
 T - a scroll of brand weapon
Potions
 b - 8 potions of curing
 c - 4 potions of berserk rage
 j - a potion of heal wounds
 l - 4 potions of might
 m - 2 potions of magic
 n - a potion of resistance
 q - 8 potions of lignification
 u - 2 potions of ambrosia
 C - 2 potions of cancellation
 E - 2 potions of attraction
 L - 2 potions of flight
 O - 3 potions of mutation
 W - a potion of brilliance {unknown}
 Y - 2 potions of haste {unknown}
 Z - a potion of invisibility {unknown}


   Skills:
 + Level 11.5 Fighting
 * Level 17.7 Polearms
 * Level 12.4 Armour
 + Level 6.3 Dodging
 - Level 1.7 Stealth
 * Level 13.1 Invocations
 + Level 0.8 Evocations


You had 15 spell levels left.
You didn't know any spells.
Your spell library contained the following spells:

 Spells                   Type           Power        Failure   Level
 Animate Skeleton         Necr           0%           94%         1
 Apportation              Tloc           0%           94%         1
 Beastly Appendage        Tmut           0%           94%         1
 Corona                   Hex            0%           94%         1
 Magic Dart               Conj           0%           94%         1
 Shock                    Conj/Air       0%           94%         1
 Sting                    Tmut/Pois      0%           94%         1
 Summon Small Mammal      Summ           0%           94%         1
 Ensorcelled Hibernation  Hex/Ice        0%           98%         2
 Poisonous Vapours        Pois/Air       0%           98%         2
 Searing Ray              Conj           0%           98%         2
 Swiftness                Air            0%           98%         2
 Wereblood                Tmut           0%           98%         2
 Confusing Touch          Hex            0%           100%        3
 Dazzling Flash           Conj/Hex       0%           100%        3
 Ignite Poison            Fire/Tmut/Pois 0%           100%        3
 Mephitic Cloud           Conj/Pois/Air  0%           100%        3
 Spider Form              Tmut/Pois      0%           100%        3
 Static Discharge         Conj/Air       0%           100%        3
 Tukima's Dance           Hex            0%           100%        3
 Airstrike                Air            0%           100%        4
 Fulminant Prism          Conj/Hex       0%           100%        4
 Ice Form                 Ice/Tmut       0%           100%        4
 Iskenderun's Mystic Bla  Conj/Tloc      0%           100%        4
 Leda's Liquefaction      Hex/Erth       0%           100%        4
 Olgreb's Toxic Radiance  Pois           0%           100%        4
 Summon Lightning Spire   Summ/Air       0%           100%        4
 Blade Hands              Tmut           0%           100%        5
 Bolt of Magma            Conj/Fire/Erth 0%           100%        5
 Lightning Bolt           Conj/Air       0%           100%        5
 Silence                  Hex/Air        0%           100%        5
 Conjure Ball Lightning   Conj/Air       0%           100%        6
 Iron Shot                Conj/Erth      0%           100%        6
 Statue Form              Tmut/Erth      0%           100%        6
 Shatter                  Erth           0%           100%        9
 Tornado                  Air            0%           100%        9


Dungeon Overview and Level Annotations

Branches:
Dungeon (15/15)            Temple (1/1) D:6            Lair (6/6) D:9
 Shoals (0/4) Lair:3        Snake (0/4) Lair:3        Slime (0/5) Lair:5
    Orc (2/2) D:9             Elf (0/3) Orc:2        Vaults (0/5) D:14
Ossuary (visited)         Volcano (visited)
 Depths: D:15

Altars:
Ashenzari
Cheibriados
Dithmenos
Elyvilon
Fedhas
Gozag
Hepliaklqana
Kikubaaqudgha
Makhleb
Nemelex Xobeh
Okawaru
Qazlal
Ru
Sif Muna
Trog
Uskayaw
Vehumet
Wu Jian
Xom
Yredelemnul
Zin
The Shining One
Beogh

Shops:
D:7 ?:(*(   D:11 ?}(*   Orc:2 *:(=

Annotations:
D:15 1 transporter


Innate Abilities, Weirdness & Mutations

You have claws for feet.
A demonic guardian rushes to your aid.
Your flesh is heat resistant. (rF+)
You regenerate health from kills.
Your movements are less encumbered by armour. (ER -4)


Message History

You feel your health improve.
You slash the earth elemental!
The earth elemental is moderately damaged.
Unknown command.
You hit the earth elemental.
The earth elemental is moderately damaged.
The earth elemental closely misses you.
Unknown command.
You hit the earth elemental but do no damage.
The earth elemental is moderately damaged.
Unknown command.
You hit the earth elemental.
You claw the earth elemental, but do no damage.
The earth elemental is moderately damaged.
Unknown command.
You hit the earth elemental.
You claw the earth elemental, but do no damage.
The earth elemental is moderately damaged.
The earth elemental hits you!!
You die...

# # .### .#. #
.#.## . ... #.#.###
# #.. #.#... ###
.#.#..##. #.# . .
#... ⌠$⌠#@# # .. .
#...∩EE#...# # ..#
. ##.#⌠$⌠#.##.#
...#....#..##≈##...
.. ... . .. .#.# #
## ## ..##....x
.#.# ..## .#...#
#.# .... .. . ## .
#..#.. .#.≈


You could see 2 earth elementals.

Vanquished Creatures
  Gastronok (D:11)
  An orc warlord (Orc:2)
  A fire dragon (D:13)
  A boulder beetle (D:15)
  8 hydras
  2 death knights (D:14)
  2 centaur warriors
  8 two-headed ogres
  5 orc high priests (Orc:2)
  4 death yaks (Lair:6)
  A wretched star (Abyss:3)
  A salamander mystic (Volcano)
  A deep troll (D:14)
  A wizard (D:12)
  An unseen horror (D:13)
  A glowing orange brain (D:15)
  4 orc knights
  A lindwurm (shapeshifter) (D:13)
  Pikel (D:7)
  A harpy (Lair:6)
  5 salamanders (Volcano)
  5 orc sorcerers
  8 ugly things
  3 deep elf magi
  2 cyclopes (D:14)
  Joseph (Lair:1)
  3 black mambas
  An ice statue (D:12)
  20 elephants
  4 gargoyles
  11 cane toads
  Psyche (D:11)
  8 rime drakes
  A kobold demonologist (D:13)
  A redback zombie (D:15)
  12 komodo dragons
  3 freezing wraiths
  A tengu conjurer (D:14)
  An ancient zyme (Abyss:3)
  An ice devil (D:12)
  3 hornets
  4 trolls
  5 polar bears
  A wind drake (Lair:6)
  5 dream sheep (Lair:6)
  10 slime creatures
  42 blink frogs
  A snapping turtle (Lair:3)
  3 wyverns
  2 shadows
  A water elemental (Abyss:3)
  3 wraiths
  Eustachio (D:4)
  50 yaks
  2 yaks (shapeshifter) (D:15)
  2 steam dragons (D:12)
  4 wargs
  3 vampire mosquitoes (D:15)
  Menkaure (D:7)
  3 soldier ants
  A soldier ant (shapeshifter) (D:14)
  11 water moccasins
  3 black bears
  A hornet zombie (D:6)
  45 orc warriors
  5 sky beasts
  2 eyes of draining
  2 boggarts (D:15)
  6 phantoms
  10 ice beasts
  5 necrophages (Lair:2)
  21 ogres
  14 centaurs
  11 wolves
  A big kobold (D:10)
  Blork the orc (D:4)
  24 bullfrogs
  A water moccasin skeleton (D:7)
  3 scorpions
  5 killer bees (D:13)
  15 wights
  9 howler monkeys
  6 centaur zombies
  A lava snake (D:13)
  5 hounds
  3 bullfrog zombies
  9 jellies
  A gnoll shaman (D:9)
  31 orc priests
  3 centaur skeletons
  A bullfrog skeleton (D:4)
  12 worker ants
  5 iguanas
  26 orc wizards
  4 hell rats (Lair:5)
  A hound zombie (D:8)
  4 big kobold zombies (Ossuary)
  A hound skeleton (D:6)
  3 mummies
  A worker ant zombie (D:9)
  10 gnolls
  A howler monkey skeleton (D:6)
  14 adders
  2 shadow imps
  3 white imps
  5 ufetubi
  An ooze (D:2)
  An adder skeleton (D:6)
  3 adder zombies
  3 worms (D:3)
  3 dart slugs
  8 leopard geckos
  129 orcs
  4 bats
  3 giant cockroaches
  4 gnoll zombies (Ossuary)
  6 goblins
  3 hobgoblins
  4 jackals (D:7)
  7 kobolds
  11 quokkas
  3 ball pythons
  11 frilled lizards
  A goblin zombie (D:4)
  4 hobgoblin zombies
  A jackal skeleton (D:4)
  7 kobold zombies (Ossuary)
  A leopard gecko skeleton (D:4)
  6 orc zombies (Ossuary)
  A quokka zombie (D:3)
  6 rats
863 creatures vanquished.

Vanquished Creatures (collateral kills)
  Snorg (D:11)
  A merfolk avatar (Lair:6)
  A hydra (D:15)
  2 boulder beetles (D:11)
  A centaur warrior (D:15)
  4 skeletal warriors (D:13)
  A sea snake (Lair:6)
  2 orc knights
  A phantasmal warrior (D:13)
  2 ugly things
  An oklob plant (Lair:1)
  5 elephants (Lair:6)
  4 cane toads
  2 komodo dragons (Lair:6)
  A kobold demonologist (D:11)
  A troll (D:11)
  A catoblepas skeleton (Abyss:3)
  6 blink frogs (Lair:6)
  6 dream sheep (Lair:6)
  4 yaks
  A warg (Orc:1)
  An ice beast (D:5)
  4 orc warriors
  A boggart (D:15)
  An ogre (Orc:2)
  3 centaurs
  3 bullfrogs
  2 earth elementals (Abyss:3)
  A scorpion (D:5)
  A howler monkey (D:8)
  A jelly (D:11)
  A hound (D:11)
  4 orc priests
  3 orc wizards
  An iguana (D:13)
  A gnoll (D:5)
  2 adders (D:11)
  12 orcs
90 creatures vanquished.

Vanquished Creatures (others)
  26 fungi
  58 plants
84 creatures vanquished.

Grand Total: 1037 creatures vanquished

Notes
Turn   | Place    | Note
-------+----------+-------------------------------------------
     0 | D:1      | McKennaii the Demonspawn Monk began the quest for the Orb.
     0 | D:1      | Reached XP level 1. HP: 18/18 MP: 1/1
   156 | D:1      | Reached skill level 3 in Polearms
   160 | D:1      | Gained mutation: You have sharp toenails. [demonic
                  | ancestry]
   160 | D:1      | Reached XP level 2. HP: 7/24 MP: 2/2
   831 | D:2      | Gained mutation: Your movements are slightly less
                  | encumbered by armour. (ER -2) [demonic ancestry]
   831 | D:2      | Reached XP level 3. HP: 25/29 MP: 3/3
  1224 | D:2      | Reached skill level 1 in Armour
  1668 | D:3      | Reached XP level 4. HP: 28/35 MP: 4/4
  1786 | D:3      | Found a shimmering altar of Xom.
  1951 | D:3      | Reached skill level 4 in Polearms
  2939 | D:4      | Gained mutation: Your movements are less encumbered by
                  | armour. (ER -4) [demonic ancestry]
  2939 | D:4      | Reached XP level 5. HP: 41/41 MP: 5/5
  3082 | D:4      | Noticed a phantom
  3104 | D:4      | Killed a phantom
  3183 | D:4      | Found a sand-covered staircase.
  3189 | D:4      | Reached skill level 5 in Polearms
  3192 | Ossuary  | Entered an ossuary
  3259 | Ossuary  | Gained mutation: You regenerate a little health from kills.
                  | [demonic ancestry]
  3259 | Ossuary  | Reached XP level 6. HP: 42/48 MP: 6/6
  3492 | D:4      | Noticed Eustachio
  3522 | D:4      | Killed Eustachio
  3523 | D:4      | Reached skill level 6 in Polearms
  3638 | D:4      | Gained mutation: A weak demonic guardian rushes to your
                  | aid. [demonic ancestry]
  3638 | D:4      | Reached XP level 7. HP: 44/54 MP: 7/7
  3729 | D:4      | Noticed Blork the orc
  3743 | D:4      | Killed Blork the orc
  4809 | D:5      | Entered Level 5 of the Dungeon
  4913 | D:5      | Reached skill level 7 in Polearms
  5247 | D:5      | Gained mutation: You have razor-sharp toenails. [demonic
                  | ancestry]
  5247 | D:5      | Reached XP level 8. HP: 61/61 MP: 8/8
  5810 | D:5      | Found an ornate altar of the Wu Jian Council.
  6179 | D:6      | Reached skill level 8 in Polearms
  6339 | D:6      | Found a staircase to the Ecumenical Temple.
  6351 | Temple   | Entered the Ecumenical Temple
  6358 | Temple   | Became a worshipper of Makhleb the Destroyer
  6358 | Temple   | Reached * piety under Makhleb
  6358 | Temple   | Reached ** piety under Makhleb
  6463 | D:6      | Reached skill level 1 in Invocations
  6695 | D:6      | Reached skill level 5 in Fighting
  6695 | D:6      | Reached XP level 9. HP: 68/68 MP: 10/10
  6724 | D:6      | Reached skill level 9 in Polearms
  7270 | D:6      | Reached skill level 5 in Armour
  7569 | D:7      | Found a shimmering blue altar of Sif Muna.
  7707 | D:7      | Reached *** piety under Makhleb
  7737 | D:7      | Found Silikewk's General Store.
  7746 | D:7      | Bought a scroll of teleportation for 33 gold pieces
  7746 | D:7      | Bought a scroll of fog for 22 gold pieces
  7746 | D:7      | Bought a potion of cancellation for 88 gold pieces
  7746 | D:7      | Bought a potion of lignification for 33 gold pieces
  7784 | D:7      | Found Uladdetu's Weapon Shoppe.
  7841 | D:7      | Reached skill level 10 in Polearms
  7960 | D:7      | Noticed Menkaure
  7964 | D:7      | Killed Menkaure
  7980 | D:7      | Found Ruboa's Magic Scroll Shop.
  7988 | D:7      | Bought a scroll of noise for 11 gold pieces
  7992 | D:7      | Bought a scroll of teleportation for 33 gold pieces
  7992 | D:7      | Bought a scroll of teleportation for 33 gold pieces
  7992 | D:7      | Bought a scroll of magic mapping for 38 gold pieces
  7992 | D:7      | Bought a scroll of enchant armour for 82 gold pieces
  8031 | D:7      | Noticed Pikel
  8043 | D:7      | Killed Pikel
  8044 | D:7      | Gained mutation: You have claws for feet. [demonic
                  | ancestry]
  8044 | D:7      | Reached XP level 10. HP: 76/76 MP: 11/13
  8116 | D:7      | Found Letacw's Book Shoppe.
  8175 | D:7      | Found Vytoblue's Antique Weapon Emporium.
  8564 | D:8      | Found a shadowy altar of Dithmenos.
  9242 | D:8      | Found a hide-covered altar of Uskayaw.
  9250 | D:8      | Reached skill level 11 in Polearms
  9252 | D:8      | Found a white marble altar of Elyvilon.
  9257 | D:8      | Found a basalt altar of Yredelemnul.
  9259 | D:8      | Found a stormy altar of Qazlal.
  9259 | D:8      | Found an opulent altar of Gozag.
  9259 | D:8      | Found a sparkling altar of Nemelex Xobeh.
  9259 | D:8      | Found a snail-covered altar of Cheibriados.
  9286 | D:8      | Found a blossoming altar of Fedhas.
  9396 | D:8      | Found a shadowy altar of Dithmenos.
 10380 | D:9      | Reached skill level 5 in Invocations
 10400 | D:9      | Reached **** piety under Makhleb
 10617 | D:9      | Found a staircase to the Lair.
 10727 | D:9      | Found a staircase to the Orcish Mines.
 11035 | Lair:1   | Entered Level 1 of the Lair of Beasts
 11035 | Lair:1   | Noticed an oklob plant
 11346 | D:10     | Entered Level 10 of the Dungeon
 11396 | D:10     | Noticed a gargoyle
 11401 | D:10     | Killed a gargoyle
 11876 | D:10     | Reached skill level 12 in Polearms
 11941 | D:10     | Reached XP level 11. HP: 83/83 MP: 15/15
 12172 | D:11     | Noticed a two-headed ogre
 12173 | D:11     | Noticed Psyche
 12184 | D:10     | Killed a two-headed ogre
 12312 | D:11     | Found Ucsarphuy's Weapon Boutique.
 12356 | D:11     | Noticed a four-headed hydra
 12366 | D:11     | Killed a one-headed hydra
 12424 | D:11     | Noticed Snorg
 12438 | D:11     | Killed Snorg
 12486 | D:11     | Noticed a two-headed ogre
 12500 | D:11     | Killed a two-headed ogre
 12529 | D:11     | Found Panexaof's Magic Scroll Emporium.
 12689 | D:11     | Killed Psyche
 12727 | D:11     | Found Jeasov's General Store.
 12732 | D:11     | Found Woxzou's Gadget Shoppe.
 12769 | D:11     | Noticed a boulder beetle
 12802 | D:11     | Killed a boulder beetle
 12882 | D:11     | Noticed Gastronok
 12883 | D:11     | Noticed a boulder beetle
 12907 | D:11     | Killed Gastronok
 12908 | D:11     | Reached skill level 13 in Polearms
 12928 | D:11     | Killed a boulder beetle
 13272 | D:12     | Paralysed by a hornet for 1 turns
 13491 | D:12     | Gained mutation: You regenerate health from kills. [demonic
                  | ancestry]
 13491 | D:12     | Reached XP level 12. HP: 91/91 MP: 17/17
 14327 | D:13     | Reached skill level 14 in Polearms
 14812 | D:13     | Found a roughly hewn altar of Beogh.
 15119 | D:13     | Noticed a centaur warrior
 15129 | D:13     | Killed a centaur warrior
 15135 | D:13     | Noticed a six-headed hydra
 15151 | D:13     | Killed a two-headed hydra
 15478 | D:13     | Paralysed by a hornet for 1 turns
 15652 | D:14     | Reached ***** piety under Makhleb
 15689 | D:14     | Noticed a death knight
 15768 | D:14     | Noticed a tengu warrior
 15770 | D:14     | Noticed a tengu warrior
 15827 | D:14     | Gained mutation: Your flesh is heat resistant. (rF+)
                  | [demonic ancestry]
 15827 | D:14     | Reached XP level 13. HP: 98/98 MP: 19/19
 16496 | Orc:1    | Entered Level 1 of the Orcish Mines
 16533 | Orc:1    | Paralysed by an orc sorcerer for 3 turns
 16549 | D:9      | Reached skill level 15 in Polearms
 16819 | Orc:2    | Entered Level 2 of the Orcish Mines
 17144 | Orc:2    | Reached skill level 5 in Dodging
 17266 | Orc:2    | Found a roughly hewn altar of Beogh.
 17678 | Orc:2    | Found a staircase to the Elven Halls.
 17885 | Orc:2    | Found Nudy's Book Emporium.
 17983 | Orc:2    | Found Xeff's General Store.
 18022 | Orc:2    | Bought a scroll of blinking for 112 gold pieces
 18022 | Orc:2    | Bought a scroll of teleportation for 45 gold pieces
 18363 | Orc:2    | Noticed an orc warlord
 18417 | Orc:2    | Killed an orc warlord
 18418 | Orc:2    | Reached skill level 10 in Invocations
 18471 | Orc:2    | Found Neqie's Jewellery Shoppe.
 18685 | Orc:2    | Found a roughly hewn altar of Beogh.
 18956 | Orc:2    | Reached skill level 16 in Polearms
 18964 | Orc:2    | Found Ihiatsui's Weapon Emporium.
 19582 | Lair:1   | Reached ****** piety under Makhleb
 19583 | Lair:1   | Reached skill level 10 in Armour
 19712 | Lair:1   | Reached XP level 14. HP: 108/108 MP: 21/21
 19895 | Lair:1   | Noticed Joseph
 19906 | Lair:1   | Killed Joseph
 20156 | Lair:1   | Found a burning altar of Makhleb.
 21587 | Lair:3   | Found a staircase to the Snake Pit.
 21924 | Lair:3   | Found a staircase to the Shoals.
 22691 | Lair:4   | Reached skill level 10 in Fighting
 23599 | Lair:5   | Found a staircase to the Slime Pits.
 23621 | Lair:5   | Gained mutation: A demonic guardian rushes to your aid.
                  | [demonic ancestry]
 23621 | Lair:5   | Reached XP level 15. HP: 116/116 MP: 23/23
 24178 | Lair:6   | Entered Level 6 of the Lair of Beasts
 24410 | Lair:6   | Found a dark tunnel.
 24458 | Volcano  | Entered a volcano
 24539 | Volcano  | Reached skill level 17 in Polearms
 26330 | D:12     | Got a bound steel ring
 26678 | D:14     | Found a gate to the Vaults.
 26707 | D:14     | Found a glowing golden altar of the Shining One.
 26708 | D:14     | Found a runed translucent door.
 26709 | D:14     | Noticed a daeva
 27718 | D:15     | Entered Level 15 of the Dungeon
 28132 | D:15     | Found a transporter.
 28158 | D:15     | Reached XP level 16. HP: 126/126 MP: 25/25
 28171 | D:15     | Cast into level 3 of the Abyss (a wizard)
 28208 | Abyss:3  | HP: 4/126 [earth elemental (9)]
 28688 | Abyss:3  | Slain by an earth elemental

Illustrated notes

Levels and vault maps discovered:
D:1:      heliophobic_arrival_henge, layout_rooms
D:2:      layout_loops_ring
D:3:      minmay_chambers_of_twos, layout_basic, lemuel_round_altar
D:4:      layout_loops_corners, nicolae_ossuary_entry_giza, saegor_snake_ambush,
          uniq_blork_the_orc, uniq_eustachio
D:5:      layout_loops_ring, pdpol_wu_jian_five_deadly_venoms
D:6:      minmay_flawed_box, layout_loops_corners,
          minmay_temple_entry_purple_smoke
D:7:      layout_loops_ring, basic_altar, serial_shops, shop,
          nicolae_shop_behind_doors, kennysheep_mini_moat, shop_fountains, shop,
          uniq_pikel, uniq_menkaure
D:8:      layout_rooms, minitemple, basic_altar
D:9:      layout_loops_ring, lair_entry_dummy, hiddenorc1_lemuel
D:10:     layout_loops_ring
D:11:     layout_roguey, serial_shops, shop_fountains, nicolae_shop_stone, shop,
          nicolae_shop_stone, uniq_gastronok, uniq_snorg, uniq_psyche
D:12:     layout_loops_cross, ice2_lemuel
D:13:     layout_grid_maze, special_room [special_room_orc],
          kennysheep_cross_room
D:14:     layout_loops_ring, david_vaults_4, grunt_decor_arrowhead,
          grunt_ministairs_6, chequers_serial_rivers_micro_c,
          chequers_serial_rivers_room_a, lemuel_angel_altar
D:15:     gammafunk_enter_depths_forms, layout_irregular_city,
          nzn_ghost_randoct, grunt_decor_clamped
Temple:   minmay_freezing_vapour_temple
Lair:1:   layout_cellular_growth, basic_altar, portal_ice_cave_rime,
          serial_bayou_pond_c, chequers_serial_rivers_small_3,
          dpeg_stationary_puzzle, uniq_joseph
Lair:2:   layout_loops_ring, roderic_carrion_pond
Lair:3:   layout_misc_corridors, minmay_shoals_entry_hut, dummy_snake_entry
Lair:4:   layout_regular_city
Lair:5:   layout_cellular_growth, slime_dummy
Lair:6:   gammafunk_lair_ancient_temple, layout_regular_city, enter_volcano_4,
          small_statue_intersection, grunt_megastairs_4
Orc:1:    layout_diamond_mine
Orc:2:    pubby_orc_utopia
Abyss:3:  base: D:12, grunt_abyss_exit_deep_breaths,
          hangedman_abyss_rune_flesh_and_stone, hangedman_abyss_mock_shop,
          patterned_corridor

Skill      XL: |  1  2  3  4  5  6  7  8  9 10 11 12 13 14 15 |
---------------+----------------------------------------------+-----
Polearms       | 3 4 5 6 7 8 10 12 13 14 16 17 | 17.7
Armour         | 1 2 3 4 5 6 7 8 10 11 12 | 12.4
Fighting       | 4 5 6 7 8 9 10 11 | 11.5
Dodging        | 3 4 5 6 |  6.3
Invocations    | 2 4 5 7 9 10 11 13 | 13.1
Stealth        | |  1.7
Evocations     | |  0.8

Action                   |  1- 3 |  4- 6 |  7- 9 | 10-12 | 13-15 | 16-18 || total
-------------------------+-------+-------+-------+-------+-------+-------++-------
Melee: Spear             |   101 |   307 |   360 |       |       |       ||   768
       Kick              |    18 |   107 |   155 |   284 |   762 |    39 ||  1365
       Halberd           |       |       |   255 |   940 |  2154 |    65 ||  3414
Invok: Lesser Servant of |       |       |       |    19 |    17 |       ||    36
       Minor Destruction |       |       |       |     1 |    24 |     1 ||    26
Evoke: Wand              |       |       |       |       |    25 |       ||    25
  Use: Potion            |       |     1 |       |       |     7 |     6 ||    14
       Scroll            |       |       |     9 |     4 |    14 |     2 ||    29
 Stab: Sleeping          |    14 |     5 |     1 |       |       |       ||    20
       Distracted        |     1 |       |     3 |    12 |    23 |       ||    39
Armor: Robe              |     4 |       |       |       |       |       ||     4
       Ring mail         |     7 |     9 |       |       |       |       ||    16
       Chain mail        |       |   119 |   331 |   411 |   165 |       ||  1026
       Plate armour      |       |       |       |       |   638 |    35 ||   673
Dodge: Dodged            |    40 |    96 |   203 |   352 |   772 |    24 ||  1487
